 Dungeon Crawl Stone Soup version 0.18-a0-1229-ge9a1a01 (webtiles) character file.

52 ololoev the Magician (level 3, -5/19 HPs)
             Began as a Deep Elf Fire Elementalist on Feb 4, 2016.
             Slain by a gnoll (9 damage)
             ... on level 4 of the Dungeon.
             The game lasted 00:05:47 (530 turns).

ololoev the Magician (Deep Elf Fire Elementalist)    Turns: 530, Time: 00:05:47

Health: -5/19      AC:  2    Str:  5    XL:     3   Next: 60%
Magic:  1/10       EV: 13    Int: 20    God:
Gold:   52         SH:  0    Dex: 15    Spells: 3 memorised, 3 levels left

rFire  . . .     SeeInvis .     m - +0 spear
rCold  . . .     Gourm    .     a - +0 robe
rNeg   . . .     Faith    .     (no shield)
rPois  .         Spirit   .     (no helmet)
rElec  .         Dismiss  .     (no cloak)
rCorr  .         Reflect  .     (no gloves)
SustAt .         Harm     .     (no boots)
MR     .....                    (no amulet)
Stlth  ++........               (no ring)
                                (no ring)

@: not resistant to hostile enchantments, unstealthy
A: no striking features
a: no special abilities

Inventory:

Hand Weapons
 m - a +0 spear (weapon)
Armour
 a - a +0 robe (worn)
Wands
 l - a wand of iceblast (6/15)
Scrolls
 e - a scroll of identify {unknown}
 f - a scroll of fog {unknown}
 j - a scroll of enchant weapon {unknown}
 k - a scroll of blinking {unknown}
 n - a scroll of magic mapping {unknown}
 p - a scroll of enchant armour {unknown}
Potions
 h - a potion of berserk rage {unknown}
Books
 b - a book of Flames

   Spells                             Type                      Level
   a - Flame Tongue                   Conjuration/Fire             1
   b - Throw Flame                    Conjuration/Fire             2
   c - Conjure Flame                  Conjuration/Fire             3
   d - Inner Flame                    Hexes/Fire                   3
   e - Sticky Flame                   Conjuration/Fire             4
   f - Fireball                       Conjuration/Fire             5
Comestibles
 c - 2 bread rations
 d - a royal jelly
 i - a slice of pizza
 o - 2 fruits


   Skills:
 - Level 2.4 Dodging
 - Level 2.4 Stealth
 + Level 4.2 Spellcasting
 * Level 2.5 Conjurations
 + Level 3.6 Fire Magic


You had 3 spell levels left.
You knew the following spells:

 Your Spells              Type           Power        Failure   Level  Hunger
a - Flame Tongue          Conj/Fire      ###..        3%          1    None
b - Conjure Flame         Conj/Fire      ###.....     12%         3    ###....
e - Inner Flame           Hex/Fire       ##......     21%         3    ###....


You were on level 4 of the Dungeon.
You were not hungry.

You visited 1 branch of the dungeon, and saw 4 of its levels.

You collected 52 gold pieces.

#....# ..........+
#....# .........# #.....
........# #.....
........# #.....
........###########.....
......∩.##.......#......
##...g##.......##....#
#....@.........##....#
#.....................
#.)...................
#.....................
####....###......##.....
#.......###......##....#
##...............##....#
#................#.....
#................#.....

Notes
Turn   | Place    | Note
--------------------------------------------------------------
     0 | D:1      | ololoev the Deep Elf Fire Elementalist began the quest for the Orb.
     0 | D:1      | Reached XP level 1. HP: 10/10 MP: 6/6
   116 | D:2      | Reached XP level 2. HP: 9/15 MP: 6/8
   117 | D:2      | Found a stormy altar of Qazlal.
   122 | D:2      | Found a shimmering altar of Xom.
   309 | D:3      | jacquesderrida: Раньше не понимал пазолини и его ненависть к "культуре" и "образованным людям", но в свете марксизма стало понятно......
   310 | D:3      | Reached skill level 4 in Spellcasting
   310 | D:3      | Reached XP level 3. HP: 17/19 MP: 2/10
   315 | D:3      | Learned a level 3 spell: Conjure Flame
   319 | D:3      | Learned a level 3 spell: Inner Flame
   330 | D:4      | casual: Хм?
   331 | D:4      | jacquesderrida: Япония же - идеальный пример "культуры"
   343 | D:4      | Noticed ololoev's ghost (weakling DEFE)
   466 | D:4      | jacquesderrida: Ультра фашистский патриархат на всех уровнях, от социального до элитарно-культурного...
   483 | D:4      | Found Ruevvoyfi's Book Boutique.
   496 | D:4      | jacquesderrida: Хотя в этом смысле разницы с западными обществами не так много
   497 | D:4      | jacquesderrida: Структурной разницы
   521 | D:4      | jacquesderrida: Только градус повыше
   530 | D:4      | Slain by a gnoll

Dungeon Overview and Level Annotations

Branches:
Dungeon (4/15)
 Temple: D:4-7

Altars:
Qazlal
Xom

Shops:
D:4 :

Annotations:
D:4 ololoev's ghost, weakling DEFE


Message History

Aim: a gnoll, wielding a flail (moderately wounded)
The flame tongue hits the gnoll.
The gnoll is almost dead.
The gnoll closely misses you.
Casting: Flame Tongue
Confirm with . or Enter, or press ? or * to list all spells.
Aiming: Flame Tongue
Press: ? - help, Shift-Dir - straight line, f/p - gnoll
Aim: a gnoll, wielding a flail (almost dead)
The flame tongue hits the gnoll.
You kill the gnoll!
Things that are here:
a flail; a club; a gnoll corpse The gnoll shouts!
Casting: Flame Tongue
Confirm with . or Enter, or press ? or * to list all spells.
You can't see any susceptible monsters within range! (Use Z to cast anyway.)
Casting: Flame Tongue
Confirm with . or Enter, or press ? or * to list all spells.
Aiming: Flame Tongue
Press: ? - help, Shift-Dir - straight line, f - gnoll
Aim: a gnoll The flame tongue hits the gnoll.
The gnoll is lightly wounded.
Casting: Flame Tongue
Confirm with . or Enter, or press ? or * to list all spells.
Aiming: Flame Tongue
Press: ? - help, Shift-Dir - straight line, f/p - gnoll
Aim: a gnoll (lightly wounded)
The flame tongue hits the gnoll.
The gnoll is heavily wounded.
Casting: Flame Tongue
Confirm with . or Enter, or press ? or * to list all spells.
Aiming: Flame Tongue
Press: ? - help, Shift-Dir - straight line, f/p - gnoll
Aim: a gnoll (heavily wounded)
The flame tongue hits the gnoll.
The gnoll appears unharmed.
The gnoll is heavily wounded.
The gnoll hits you!
You die...

You could see a gnoll.

Vanquished Creatures
  2 gnolls (D:4)
  A worm (D:3)
  A giant gecko (D:1)
  An orc (D:3)
  2 bats (D:1)
  A goblin (D:2)
  5 hobgoblins
  7 jackals
  2 kobolds
  3 rats
25 creatures vanquished.

Action                   || total
-------------------------++-------
Melee: Dagger            ||    18
 Cast: Flame Tongue      ||    46
 Stab: Sleeping          ||     4

Vault maps used:
D:1:      dpeg_arrival_rooms_b
D:2:      minitemple, serial_curves, eino_curves_02, eino_curves_03, uniq_iyjb
D:3:      nicolae_ru_the_path_less_chosen, nemelex_xobeh_ov_fountains_minmay,
          serial_glass, glass_columns_b, glass_columns_a, glass_columns_c,
          glass_columns_b, minivault_27, grunt_ministairs_14, uniq_sigmund
D:4:      serial_shops, shop, first_bread, grunt_decor_one_mirror
